Map: Путь на Айур РВ

Players

Colt

  • Race: Terran Terran
  • League: Silver
  • Spawn Location: 5:00

ИИ 1 (мастер) - Winner!

  • Race: Protoss Protoss
  • Spawn Location: 11:00

VOD

Have the link to the VOD?

Description

Time

  • Played on: Sept. 19, 2017, 4:17 p.m.
  • Length: 7:04
Show
View Real Time Build Order
Export as new Build Order

Colt Terran 

Build Orders:  

Get SALT Encoding   

  12  0:01  SCV  
  13  0:13  SCV  
  14  0:18  Supply Depot  
  14  0:31  Refinery  
  14  0:33  SCV  
  15  0:42  Barracks  
  15  0:47  SCV  
  16  1:00  SCV  
  16  1:02  Supply Depot  
  17  1:13  SCV  
  18  1:27  Refinery  
  18  1:28  SCV  
  19  1:34  Engineering Bay  
  19  1:51  Marine  
  20  1:55  SCV  
  21  2:08  SCV  
  21  2:14  Terran Infantry Weapons Level 1  
  22  2:16  Marine  
  22  2:20  SCV  
  24  2:27  Command Center  
  24  2:34  Marine  
  24  2:36  SCV  
  26  2:49  SCV  
  27  2:52  Factory  
  27  2:53  Marine  
  28  3:01  Supply Depot  
  28  3:02  SCV  
  29  3:10  Marine  
  30  3:14  SCV  
  31  3:26  SCV  
  32  3:28  Marine  
  33  3:35  Supply Depot  
  35  3:45  Widow Mine  
  35  3:46  Marine  
  36  4:21  Marine  
  37  4:38  Bunker  
  37  4:47  SCV  
  37  4:48  SCV  
  37  4:49  Terran Infantry Armor Level 1  
  39  4:57  Supply Depot  
  41  5:02  Widow Mine  
  41  5:03  Starport  
  40  5:09  Bunker  
  40  5:22  Missile Turret  
  40  5:25  SCV  
  40  5:26  SCV  
  39  5:45  Missile Turret  
  39  5:47  Marine  
  36  5:59  Bunker  
  36  6:03  Medivac  
  40  6:05  Marine  
  40  6:07  Missile Turret  
  40  6:08  Barracks  
  40  6:09  Widow Mine  
  41  6:22  Marine  
  41  6:23  SCV x2  
  41  6:24  Missile Turret  
  44  6:32  Missile Turret  
Show
View Real Time Build Order
Export as new Build Order

ИИ 1 (мастер) Protoss - Winner!

Build Orders: 1 Gate Expand, Nexus First, Phoenix Opening, Colossus Rush 

Get SALT Encoding   

  12  0:01  Probe (Chrono Boost)  
  12  0:03  Pylon  
  13  0:11  Probe (Chrono Boost)  
  14  0:22  Probe (Chrono Boost)  
  14  0:24  Nexus  
  15  0:32  Probe (Chrono Boost)  
  16  0:43  Probe (Chrono Boost)  
  17  0:53  Probe (Chrono Boost)  
  18  0:57  Gateway  
  19  1:04  Probe (Chrono Boost)  
  19  1:09  Pylon  
  19  1:14  Probe (Chrono Boost)  
  20  1:25  Probe (Chrono Boost)  
  21  1:27  Assimilator  
  21  1:36  Probe (Chrono Boost)  
  21  1:37  Assimilator  
  22  1:41  Zealot  
  22  1:47  Cybernetics Core  
  24  1:50  Probe (Chrono Boost), Forge  
  24  1:51  Probe (Chrono Boost)  
  24  1:52  Pylon  
  27  2:01  Probe (Chrono Boost)  
  27  2:02  Probe (Chrono Boost)  
  27  2:05  Assimilator  
  27  2:06  Assimilator  
  28  2:12  Probe (Chrono Boost)  
  28  2:13  Probe (Chrono Boost)  
  28  2:14  Protoss Ground Weapons Level 1  
  31  2:23  Probe (Chrono Boost)  
  31  2:24  Probe (Chrono Boost)  
  32  2:33  Sentry  
  32  2:34  Probe (Chrono Boost)  
  32  2:35  Probe (Chrono Boost)  
  36  2:43  Warp Gate  
  36  2:45  Zealot  
  36  2:46  Probe x2 (Chrono Boost)  
  36  2:47  Robotics Facility  
  38  2:55  Zealot x2  
  38  2:57  Probe (Chrono Boost)  
  38  2:58  Probe (Chrono Boost), Zealot  
  40  3:02  Pylon  
  40  3:04  Pylon  
  42  3:09  Probe (Chrono Boost)  
  42  3:10  Probe (Chrono Boost)  
  44  3:13  Pylon  
  47  3:21  Probe x2 (Chrono Boost)  
  47  3:24  Sentry  
  54  3:27  Stargate  
  54  3:32  Probe (Chrono Boost)  
  54  3:33  Probe (Chrono Boost)  
  56  3:37  Robotics Bay  
  56  3:38  Void Ray  
  56  3:43  Probe (Chrono Boost)  
  56  3:44  Probe (Chrono Boost)  
  56  3:47  Zealot  
  58  3:50  Zealot  
  58  3:52  Phoenix  
  58  3:54  Pylon  
  58  3:56  Pylon  
  58  4:01  Immortal, Pylon  
  58  4:05  Protoss Ground Armor Level 1  
  60  4:13  Gateway  
  60  4:14  Zealot  
  58  4:21  Oracle  
  67  4:37  Extended Thermal Lance, Colossus  
  67  4:42  Phoenix  
  73  4:48  Nexus  
  74  4:53  Probe (Chrono Boost)  
  74  4:55  Probe (Chrono Boost)  
  74  4:56  Oracle  
  75  5:04  Probe (Chrono Boost)  
  76  5:07  Probe (Chrono Boost)  
  76  5:10  Robotics Facility  
  76  5:16  Probe (Chrono Boost)  
  76  5:19  Probe (Chrono Boost), Pylon  
  78  5:21  Pylon  
  78  5:26  Pylon  
  78  5:27  Probe (Chrono Boost)  
  78  5:28  Pylon  
  79  5:30  Probe (Chrono Boost)  
  79  5:34  Zealot, Observer  
  79  5:36  Zealot  
  79  5:39  Probe (Chrono Boost), Oracle  
  79  5:41  Warp Prism  
  79  5:42  Probe (Chrono Boost)  
  78  5:47  Slayer  
  82  5:50  Probe (Chrono Boost), Adept x3  
  82  5:53  Colossus  
  82  5:54  Probe (Chrono Boost), Zealot, Observer  
  82  5:58  Zealot  
  82  6:00  Phoenix  
  82  6:01  Probe (Chrono Boost)  
  90  6:04  Probe x2 (Chrono Boost)  
  90  6:10  Assimilator  
  91  6:12  Probe (Chrono Boost)  
  91  6:16  Assimilator  
  102  6:20  Pylon  
  111  6:33  Probe (Chrono Boost)  
  111  6:34  Probe (Chrono Boost)  
  111  6:35  Probe (Chrono Boost)  
  111  6:37  Photon Cannon  
  114  6:44  Probe (Chrono Boost)  
  114  6:47  Probe x2 (Chrono Boost)  
  115  6:53  Photon Cannon, Zealot  
  121  6:57  Photon Cannon  
Tags
 
Add a new tag
Caveats
  • Supply blocks, unpowered buildings, or Contaminate may cause inaccurate times.
  • Supply counts are checked every 10 seconds.